 Dungeon Crawl Stone Soup version 0.24-a0-164-g56e1b8f (console) character file.

Game seed: 17518655366203183314

49 Duffy the Chopper (level 3, 0/32 HPs)
             Began as a Naga Gladiator on Mar 6, 2019.
             Slain by a hound (1 damage)
             ... on level 2 of the Dungeon.
             The game lasted 00:00:56 (1488 turns).

Duffy the Chopper (Naga Gladiator)                  Turns: 1488, Time: 00:00:57

Health: 0/32       AC:  3    Str: 16    XL:     3   Next: 77%
Magic:  3/3        EV: 10    Int:  9    God:
Gold:   71         SH:  0    Dex: 12    Spells: 2/2 levels left

rFire    . . .     SeeInvis +   a - +0 war axe
rCold    . . .     Gourm    .   (no shield)
rNeg     . . .     Faith    .   b - +0 leather armour
rPois    +         Spirit   .   c - +0 helmet
rElec    .         Reflect  .   (no cloak)
rCorr    .         Harm     .   (no gloves)
MR       .....                  (no barding)
Stlth    +.........             (no amulet)
HPRegen  0.10/turn              (no ring)
MPRegen  0.08/turn              (no ring)

@: short of breath, very slow
A: large, see invisible, deformed body, poison resistance, slowness 2, slow
metabolism 1, spit poison 1, AC +1
a: Spit Poison


You were on level 2 of the Dungeon.
You were very hungry.

You visited 1 branch of the dungeon, and saw 2 of its levels.

You collected 71 gold pieces.

Inventory:

Hand Weapons
 a - a +0 war axe (weapon)
Missiles
 d - 3 throwing nets (quivered)
Armour
 b - a +0 leather armour (worn)
 c - a +0 helmet (worn)
Scrolls
 e - a scroll of blinking {unknown}
 g - 2 scrolls of random uselessness {unknown}
 i - a scroll of enchant weapon {unknown}
 j - 2 scrolls of teleportation {unknown}
 k - 3 scrolls of identify {unknown}
 m - a scroll of fear {unknown}
 n - a scroll of remove curse {unknown}
Potions
 h - 2 potions of resistance {unknown}
 l - a potion of curing {unknown}
 o - a potion of mutation {unknown}
 p - a potion of might {unknown}
 q - a potion of ambrosia {unknown}
Comestibles
 f - 4 rations


   Skills:
 - Level 2.0 Fighting
 + Level 4.6 Axes
 - Level 1.7 Throwing
 - Level 2.4 Dodging


You had 2 spell levels left.
You didn't know any spells.
Your spell library was empty.

Dungeon Overview and Level Annotations

Branches:
Dungeon (2/15)

Altars:
Dithmenos


Innate Abilities, Weirdness & Mutations

You cannot wear boots.
Your serpentine skin is tough. (AC +1)
You have supernaturally acute eyesight. (SInv)
Armour fits poorly on your strangely shaped body.
Your system is resistant to poisons. (rPois)
You cover ground very slowly.
You have a slow metabolism.
You can spit poison.


Message History

You feel sick.
Items here: %%% ( ) a +1 hunting sling of velocity; 24 stones; a goblin corpse; an adder corpse a goblin corpse You feel sick.
You are no longer poisoned.
You are feeling very hungry.
A hound comes into view.
A hound is nearby!
The hound barks!
There is a shadowy altar of Dithmenos here.
Press: ? - help, Shift-Dir - straight line, f - hound
Aim: a hound The splash of poison misses the hound.
You feel slightly more hungry.
You closely miss the hound. The hound barely misses you. The hound bites you.
You barely miss the hound. The hound bites you. x2
You hit the hound.
The hound is moderately wounded.
The hound closely misses you. The hound bites you.
You die...

...........>.....#
#####..###.......#
#.....+......#
#########.....##
........#.#...#
####..##.0.#..#
##.#.#.#.#.#
#.00.h00..#
###0#@#.#.#
##.0.#..# ##. #.
##.##### ... #.#
#..# ### #.# #.##
#.# #.# #.# #.#
#.# ##.#
#.####.#####..#


You could see a hound.

Vanquished Creatures
  2 adders (D:2)
  A dart slug (D:1)
  A leopard gecko (D:1)
  4 giant cockroaches
  4 hobgoblins
  6 jackals
  A frilled lizard (D:2)
  4 goblins
  A kobold (D:2)
  3 rats
27 creatures vanquished.

Notes
Turn   | Place    | Note
-------+----------+-------------------------------------------
     0 | D:1      | Duffy the Naga Gladiator began the quest for the Orb.
     0 | D:1      | Reached XP level 1. HP: 19/19 MP: 1/1
    29 | D:1      | Reached XP level 2. HP: 23/26 MP: 2/2
  1055 | D:2      | Reached skill level 4 in Axes
  1097 | D:2      | Reached XP level 3. HP: 28/32 MP: 3/3
  1341 | D:2      | Found a shadowy altar of Dithmenos.
  1390 | D:2      | Found a faded altar of an unknown god.
  1487 | D:2      | HP: 1/32 [hound (1)]
  1488 | D:2      | Slain by a hound

Levels and vault maps discovered:
D:1:      saegor_arrival_simple_c, layout_loops_cross,
          chequers_serial_rivers_micro_d
D:2:      layout_basic, grunt_dithmenos_smoke_and_mirrors,
          chequers_ecumenical_altar_simple_redux, first_ration, corexii_shack,
          uniq_sigmund

Skill      XL: |  1  2 |
---------------+-------+-----
Axes           | 4 |  4.6
Fighting       | |  2.0
Throwing       | |  1.7
Dodging        | |  2.4

Action                   || total
-------------------------++-------
Melee: War axe           ||    99
 Abil: Spit Poison       ||     2
 Stab: Sleeping          ||     1
Armor: Leather armour    ||    32
Dodge: Dodged            ||    69

Table legend:
 A = Non-vault XP
 B = Vault XP
 C = Vault XP percentage of total XP
 D = Non-vault monster count
 E = Vault monster count
 F = Vault count percentage of total count
                 A         B        C        D         E       F
            +---------+---------+-------+---------+---------+-------
      Total |      71 |       0 |   0.0 |      27 |       0 |   0.0
            +---------+---------+-------+---------+---------+-------
        D:1 |      27 |       0 |   0.0 |      14 |       0 |   0.0
        D:2 |      44 |       0 |   0.0 |      13 |       0 |   0.0
            +---------+---------+-------+---------+---------+-------
